AoeStats
← Michi3052

Golden Pit

508569433Analyzed
1v1 RM · 9d ago on Sep 23, 2026· 52m 27s· 2 players
Game mode
Random Map
Map size
Tiny (2 player)
Population
200
Speed
Normal
Resources
Standard
Victory
Conquest
Starting age
Dark Age
Ending age
Imperial Age
RankedLock teamsTeams togetherTeam positionsShared explorationLock speedFull tech treeHidden civsTurbo modeCheats
Victory
Defeat
🇨🇱 Mongols · Chile
685
+18
🇪🇸 Huns · Spain
719
-18
Tecophilaea
8:04 Loom
10:35 Feudal Age
15:09 Double-Bit Axe
19:22 Bloodlines
19:52 Forging
19:48 Scale Barding Armor
20:09 Horse Collar
23:49 Wheelbarrow
26:57 Castle Age
25:19 Gold Mining
27:40 Husbandry
29:02 Iron Casting
28:48 Chain Barding Armor
28:28 Stone Mining
29:57 Gold Shaft Mining
30:58 Hand Cart
32:33 Stone Shaft Mining
45:15 Imperial Age
42:49 Fletching
44:40 Bodkin Arrow
45:03 Murder Holes
52:02 Blast Furnace
51:03 Bracer
51:05 Town Watch
52:07 Elite Steppe Lancer
Michi3052
8:26 Loom
10:48 Feudal Age
11:39 Double-Bit Axe
16:11 Wheelbarrow
20:01 Castle Age
25:18 Town Watch
28:02 Hand Cart
28:43 Horse Collar
29:53 Thumb Ring
31:52 Scale Barding Armor
31:49 Padded Archer Armor
32:00 Forging
32:53 Ballistics
34:55 Iron Casting
34:12 Fletching
38:43 Chain Barding Armor
44:38 Imperial Age
42:54 Gold Mining
50:22 Gold Shaft Mining
49:38 Stone Mining
49:25 Cavalier
50:16 Bloodlines
50:07 Husbandry
50:46 Town Patrol
52:52 Blast Furnace
Connection lost

Rejoining the realm…

Still unreachable

The connection could not be restored.

Session expired

The server has moved on; the page needs a fresh start.